 Dungeon Crawl Stone Soup version 0.16.1-2-g95b8d4c (webtiles) character file.

95 DogShitOnMyToe the Conjurer (level 4, -2/24 HPs)
             Began as a Tengu Wizard on Mar 26, 2015.
             Killed from afar by an orc wizard (6 damage)
             ... with a magic dart
             ... on level 4 of the Dungeon.
             The game lasted 00:08:45 (2524 turns).

DogShitOnMyToe the Conjurer (Tengu Wizard)          Turns: 2524, Time: 00:08:46

Health: -2/24      AC:  2    Str:  8    XL:     4   Next: 66%
Magic:  2/10       EV: 18    Int: 19    God:
Gold:   28         SH:  0    Dex: 17    Spells: 4 memorised, 1 level left

rFire  . . .     SeeInvis .     u - +3 quarterstaff (chaos)
rCold  . . .     Clarity  .     a - +0 robe
rNeg   . . .     SustAb   .     (no shield)
rPois  .         Gourm    .     b - +0 hat
rElec  .         Spirit   .     r - +0 cloak
rCorr  .         Warding  .     (no gloves)
rMut   .         Stasis   .     (boots unavailable)
MR     .....                    (no amulet)
Stlth  +++.......               (no ring)
                                (no ring)

@: agile, not resistant to hostile enchantments, fairly stealthy
A: beak, talons 3, deformed body, MP-powered wands 1
a: no special abilities


You were on level 4 of the Dungeon.
You were not hungry.

You visited 1 branch of the dungeon, and saw 4 of its levels.

You collected 28 gold pieces.

Inventory:

Hand weapons
 u - a +3 quarterstaff of chaos (weapon)
Armour
 a - a +0 robe (worn)
 b - a +0 hat (worn)
 r - a +0 cloak (worn)
Magical devices
 j - a wand of random effects (22)
 l - a wand of polymorph (18)
Scrolls
 k - 4 scrolls of identify {unknown}
 o - 2 scrolls of amnesia {unknown}
 q - a scroll of noise {unknown}
 t - a scroll of immolation {unknown}
 v - a scroll of fear {unknown}
Potions
 e - a potion of agility
 f - a potion of degeneration {unknown}
 h - a potion of beneficial mutation {unknown}
 s - a potion of poison {unknown}
Books
 c - a book of Minor Magic

   Spells                             Type                      Level
   a - Magic Dart                     Conjuration                  1
   b - Blink                          Translocation                2
   c - Call Imp                       Summoning                    2
   d - Repel Missiles                 Charms/Air                   2
   e - Slow                           Hexes                        2
   f - Conjure Flame                  Conjuration/Fire             3
   g - Mephitic Cloud                 Conjuration/Poison/Air       3
Comestibles
 d - 4 bread rations
 g - 2 slices of pizza
 i - a royal jelly
 w - a chunk of flesh


   Skills:
 - Level 2.1 Dodging
 - Level 2.0 Stealth
 - Level 3.0 Spellcasting
 + Level 5.7 Conjurations
 - Level 1.2 Summonings
 - Level 0.7 Translocations


You had one spell level left.
You knew the following spells:

 Your Spells              Type           Power        Failure   Level  Hunger
a - Magic Dart            Conj           ###.         1%          1    None
b - Mephitic Cloud        Conj/Pois/Air  ##......     21%         3    ###....
c - Call Imp              Summ           #.......     17%         2    ##.....
e - Blink                 Tloc           N/A          21%         2    ##.....


Dungeon Overview and Level Annotations

Branches:
Dungeon (4/15)
 Temple: D:4-7

Altars:


Innate Abilities, Weirdness & Mutations

You have a beak for a mouth.
You have claws for feet.
Armour fits poorly on your strangely shaped body.
You expend magic power (3 MP) to slightly strengthen your wands.


Message History

Read which item? (? for menu, Esc to quit)
As you read the scroll labeled PRAINU LURA, it crumbles to dust.
It is a scroll of enchant weapon.
Enchant which weapon? (? for menu, Esc to quit)
Your +2 quarterstaff of chaos glows red for a moment.
The orc shouts!
The orc moves out of view.
Read which item? (? for menu, Esc to quit)
Okay, then.
Drink which item? (? for menu, Esc to quit)
It was a potion of restore abilities.
You feel refreshed.
An orc and an orc wizard come into view.
Drink which item? (? for menu, Esc to quit)
It was a potion of mutation.
You feel extremely strange.
Your body twists and deforms.
You feel less able to contain your magic power.
The orc shouts!
The orc wizard points at you and mumbles some strange words.
The magic dart hits you!
You die...

%.. .....+
.....# . .....
#. ###...# .
#..#..>..###o.
#.........o.$.
#.............+
#....@....Z..#
#............#
####...###...
#oo.# . o...#
o.r..# ..o..#
......+ ...


You could see an orc priest, 3 orc wizards, 3 orcs, a rat and a giant frog
skeleton.

Vanquished Creatures
  2 adders (D:2)
  A shadow imp (D:2)
  2 worms
  A giant gecko (D:1)
  3 bats (D:1)
  3 giant cockroaches
  9 goblins
  4 hobgoblins
  5 jackals (D:1)
  5 giant newts
  4 kobolds
  10 rats
  A fungus (D:2)
50 creatures vanquished.

Vanquished Creatures (collateral kills)
  Crazy Yiuf (D:2)
1 creature vanquished.

Grand Total: 51 creatures vanquished

Notes
Turn   | Place    | Note
--------------------------------------------------------------
     0 | D:1      | DogShitOnMyToe, the Tengu Wizard, began the quest for the Orb.
     0 | D:1      | Reached XP level 1. HP: 10/10 MP: 4/4
   336 | D:1      | Reached XP level 2. HP: 15/15 MP: 0/7
   911 | D:1      | Reached XP level 3. HP: 19/19 MP: 1/8
  1282 | D:1      | Learned a level 3 spell: Mephitic Cloud
  1285 | D:1      | Learned a level 2 spell: Call Imp
  1288 | D:1      | Learned a level 2 spell: Blink
  1334 | D:2      | Reached skill level 4 in Conjurations
  1752 | D:2      | Reached skill level 5 in Conjurations
  1752 | D:2      | Reached XP level 4. HP: 24/24 MP: 6/10
  2212 | D:2      | Noticed Crazy Yiuf
  2235 | D:2      | Killed Crazy Yiuf
  2524 | D:4      | Gained mutation: Armour fits poorly on your strangely shaped body. [potion of mutation]
  2524 | D:4      | Gained mutation: You expend magic power (3 MP) to slightly strengthen your wands. [potion of mutation]
  2524 | D:4      | Killed from afar by an orc wizard

Action                   |  1- 3 |  4- 6 || total
-------------------------+-------+-------++-------
Melee: Unarmed           |     8 |    25 ||    33
       Quarterstaff      |       |     7 ||     7
 Cast: Magic Dart        |    79 |    17 ||    96
       Mephitic Cloud    |       |     4 ||     4
       Call Imp          |       |     4 ||     4
  Use: Potion            |       |     3 ||     3
       Scroll            |       |     1 ||     1
 Stab: Confused          |       |     4 ||     4
  Eat: Chunk             |     2 |     3 ||     5
